 Dungeon Crawl Stone Soup version 0.29.1-1-gd02db6906a (webtiles) character file.

Game seed: 10785577794584930005

119 Doomgape the Ruffian (level 4, -1/40 HPs)
             Began as a Troll Transmuter on Sept 16, 2022.
             Slain by a water moccasin (7 damage)
             ... on level 4 of the Dungeon.
             The game lasted 00:03:27 (1920 turns).

Doomgape the Ruffian (Troll Transmuter)             Turns: 1920, Time: 00:03:28

Health: -1/40      AC:  5    Str: 20    XL:     4   Next: 73%
Magic:  4/4        EV:  9    Int:  9    God:
Gold:   90         SH:  0    Dex: 10    Spells: 4/5 levels left

rFire   + . .      SeeInvis .     - Unarmed
rCold   + . .      Faith    .   (no shield)
rNeg    . . .      Spirit   .   e - +1 robe {rC+ rF+}
rPois   .          Reflect  .   (helmet restricted)
rElec   .          Harm     .   (no cloak)
rCorr   .          Rampage  .   (gloves unavailable)
Will    .....                   (boots unavailable)
Stlth   +.........              (no amulet)
HPRegen 0.93/turn               (no ring)
MPRegen 0.09/turn               (no ring)

@: no status effects
A: large, unfitting armour, claws 3, regeneration 1, shaggy fur 1, tough skin 1
a: no special abilities


You were on level 4 of the Dungeon.
You visited 1 branch of the dungeon, and saw 4 of its levels.

You collected 90 gold pieces.

Inventory:

Missiles
 c - 2 throwing nets
Armour
 e - a +1 robe of resistance (worn)
Wands
 a - a wand of charming (8)
Scrolls
 d - a scroll of blinking {unknown}
 g - a scroll of butterflies
 h - 3 scrolls of identify
 i - a scroll of vulnerability {unknown}
 j - a scroll of amnesia {unknown}
Potions
 b - a potion of lignification
 k - a potion of cancellation {unknown}


   Skills:
 - Level 0.7 Fighting
 - Level 1.5 Dodging
 + Level 5.5 Unarmed Combat
 - Level 1.2 Spellcasting
 - Level 1.3 Transmutations


You had 4 spell levels left.
You knew the following spells:

 Your Spells              Type           Power      Damage    Failure   Level
a - Beastly Appendage     Tmut           6%         N/A       21%         1

Your spell library contained the following spells:

 Spells                   Type           Power      Damage    Failure   Level
 Wereblood                Tmut           3%         N/A       30%         2
 Sublimation of Blood     Necr           0%         N/A       50%         2
 Spider Form              Tmut/Pois      1%         N/A       63%         3
 Ice Form                 Ice/Tmut       1%         N/A       95%         4
 Petrify                  Tmut/Erth      1%         N/A       95%         4
 Irradiate                Conj/Tmut      0%         3d11      100%        5


Dungeon Overview and Level Annotations

Branches:
Dungeon (4/15)
 Temple: D:4-7

Altars:
Sif Muna
Yredelemnul


Innate Abilities, Weirdness & Mutations

You are too large for most types of armour.
You have claws for hands.
Your natural rate of healing is unusually fast.
You are covered in fur. (AC +1)
You have tough skin. (AC +1)


Message History

The water moccasin poisons you!
You scratch the water moccasin.
The water moccasin is lightly wounded.
You feel very sick. The water moccasin closely misses you.
The water moccasin bites you but does no damage.
You scratch the water moccasin but do no damage.
The water moccasin is lightly wounded.
You feel very sick. The water moccasin bites you.
You closely miss the water moccasin.
The water moccasin is lightly wounded.
You feel sick.
The water moccasin bites you but does no damage.
You barely miss the water moccasin.
The water moccasin is lightly wounded.
You feel sick. The water moccasin bites you.
The iguana hisses menacingly.
You closely miss the water moccasin.
The water moccasin is lightly wounded.
You feel sick.
The water moccasin bites you but does no damage.
The iguana bites you but does no damage.
The water moccasin barely misses you.
You barely miss the water moccasin. Your claw misses the water moccasin.
The water moccasin is lightly wounded.
You feel sick.
The water moccasin bites you but does no damage.
The iguana barely misses you.
You closely miss the water moccasin.
The water moccasin is lightly wounded.
You feel sick. The water moccasin bites you.
You are more poisoned.
The water moccasin poisons you! The iguana bites you!
* * * LOW HITPOINT WARNING * * *
You are too injured to fight recklessly!
You feel better. The water moccasin closely misses you. The iguana bites you!
* * * LOW HITPOINT WARNING * * *
The water moccasin bites you!
You die...

#...#....##
....#.....#
..........####
.............##
..............#
.............[#
#.......<#!...#
#..............
#.....@l.......
##....S.)......
...............#
................
................
..........##....
........... ...
...........$ ..


You could see a water moccasin and an iguana.

Vanquished Creatures
  An orc wizard (D:3)
  2 adders
  4 worms
  A dart slug (D:3)
  2 orcs (D:3)
  3 bats (D:2)
  4 endoplasms
  3 giant cockroaches
  3 goblins (D:1)
  7 hobgoblins
  4 jackals (D:2)
  3 quokkas
  6 ball pythons
  2 frilled lizards
  6 kobolds
  3 rats (D:2)
  A spectral orc (D:3)
55 creatures vanquished.

Notes
Turn   | Place    | Note
-------+----------+-------------------------------------------
     0 | D:1      | Doomgape the Troll Transmuter began the quest for the Orb.
     0 | D:1      | Reached XP level 1. HP: 18/18 MP: 1/1
   213 | D:1      | Reached XP level 2. HP: 26/26 MP: 2/2
   649 | D:2      | Reached skill level 4 in Unarmed Combat
   774 | D:2      | Reached XP level 3. HP: 32/32 MP: 3/3
  1216 | D:3      | Reached skill level 5 in Unarmed Combat
  1216 | D:3      | Reached XP level 4. HP: 31/40 MP: 4/4
  1477 | D:3      | Found a shimmering blue altar of Sif Muna.
  1534 | D:3      | Found a basalt altar of Yredelemnul.
  1555 | D:3      | Found a faded altar of an unknown god.
  1910 | D:4      | Noticed a water moccasin
  1920 | D:4      | Slain by a water moccasin

Illustrated notes

Levels and vault maps discovered:
D:1:      evilmike_arrival_crescent, layout_loops_ring
D:2:      layout_basic, chequers_serial_rivers_micro_e
D:3:      minmay_general_purpose_star, layout_basic,
          yredelemnul_forgotten_temple_becter,
          mainiacjoe_overflow_small_starburst, basic_ecumenical_altar,
          serial_corexii_hall, chequers_hall_statues_y, corexii_hall_statues_l,
          corexii_hall_statues_deadend, corexii_hall_statues_s,
          mrwooster_statue_mirror, kennysheep_generic_room_8
D:4:      minmay_skewed_foursquare, layout_basic, old_standard_altar,
          minmay_misc_feat_more_columns, grunt_decor_one_mirror, hex_medium,
          uniq_blork_the_orc

Skill      XL: |  1  2  3 |
---------------+----------+-----
Unarmed Combat | 4 5 |  5.5
Fighting       | |  0.7
Dodging        | |  1.5
Spellcasting   | |  1.2
Transmutations | |  1.3

Action                   |  1- 3 |  4- 6 || total
-------------------------+-------+-------++-------
Melee: Unarmed           |   101 |    42 ||   143
       Punch             |     2 |     2 ||     4
  Use: Scroll            |     3 |       ||     3
       Potion            |       |     1 ||     1
Armor: Robe              |    37 |    11 ||    48
Dodge: Dodged            |    41 |    15 ||    56
